 Dungeon Crawl Stone Soup version 0.19.5 (webtiles) character file.

30 tidbits the Slasher (level 3, 10/24 HPs)
             Began as a High Elf Wanderer on Oct 30, 2017.
             Quit the game on level 2 of the Dungeon.
             The game lasted 00:03:34 (236 turns).

tidbits the Slasher (High Elf Wanderer)              Turns: 236, Time: 00:03:35

Health: 10/24      AC:  2    Str: 12    XL:     3   Next: 3%
Magic:  5/5        EV: 12    Int: 15    God:
Gold:   9          SH:  0    Dex: 15    Spells: 0 memorised, 4 levels left

rFire  . . .     SeeInvis .     a - +0 falchion
rCold  . . .     Gourm    .     d - +0 robe
rNeg   . . .     Faith    .     (no shield)
rPois  .         Spirit   .     (no helmet)
rElec  .         Reflect  .     (no cloak)
rCorr  .         Harm     .     (no gloves)
MR     .....                    (no boots)
Stlth  +.........               j - amulet of inaccuracy (curse)
                                (no ring)
                                (no ring)

@: seriously poisoned (10 -> 3)
A: no striking features
a: no special abilities


You were on level 2 of the Dungeon.
You were not hungry.

You visited 1 branch of the dungeon, and saw 2 of its levels.

You collected 9 gold pieces.

Inventory:

Hand Weapons
 a - a +0 falchion (weapon)
Missiles
 e - 18 stones (quivered)
 g - 17 arrows
Armour
 d - a +0 robe (worn)
Jewellery
 j - a cursed amulet of inaccuracy (around neck)
   (You found it on level 2 of the Dungeon)
Potions
 h - a potion of heal wounds {unknown}
Books
 b - the Handbook of the Frostbite

   Spells                             Type                      Level
   a - Throw Frost                    Conjuration/Ice              2
   b - Ensorcelled Hibernation        Hexes/Ice                    2
Miscellaneous
 f - a box of beasts
Comestibles
 c - a bread ration
 i - a meat ration


   Skills:
 - Level 2.0 Fighting
 + Level 4.5 Long Blades
 - Level 1.0 Throwing
 - Level 1.8 Dodging
 - Level 1.2 Spellcasting
   Level 2.1 Translocations
 - Level 1.0 Evocations


You had 4 spell levels left.
You didn't know any spells.

Dungeon Overview and Level Annotations

Branches:
Dungeon (2/15)

Altars:


Message History

Press: ? - help, Shift-Dir - straight line, f/p - hobgoblin
Aim: a hobgoblin, wielding a club You throw a stone.
The stone hits the hobgoblin but does no damage.
You hit the hobgoblin.
The hobgoblin is moderately wounded.
The hobgoblin hits you with a club.
You hit the hobgoblin.
You kill the hobgoblin!
You see here a club.
There is a stone staircase leading down here.
Adjust (i)tems, (s)pells, or (a)bilities?
Adjust which item? (? for menu, Esc to quit)
c - a +0 falchion (weapon)
Adjust to which letter? (? for menu, Esc to quit)
a - a +0 falchion (weapon);
c - a box of beasts Unknown command.
Adjust (i)tems, (s)pells, or (a)bilities?
Adjust which item? (? for menu, Esc to quit)
f - a bread ration Adjust to which letter? (? for menu, Esc to quit)
c - a bread ration;
f - a box of beasts You climb downwards. 4 jackals come into view.
The jackal barks!
The jackal bites you but does no damage.
There is a stone staircase leading up here.
The jackal barks! x2
You hit the jackal.
The jackal is moderately wounded.
The jackal barely misses you.
You closely miss the jackal.
The jackal is moderately wounded.
The jackal barely misses you.
You miss the jackal. You hit the jackal but do no damage. The jackal bites you.
The jackal closely misses you.
You closely miss the jackal. The jackal misses you.
You riposte.
You completely miss the jackal. The jackal bites you.
You closely miss the jackal. The jackal barely misses you.
You riposte.
You barely miss the jackal. You hit the jackal.
You kill the jackal!
You hit the jackal.
You kill the jackal!
You hit the jackal but do no damage. The jackal misses you.
You hit the jackal.
The jackal is severely wounded.
The jackal closely misses you.
You riposte.
You hit the jackal.
The jackal is almost dead.
The jackal misses you.
You closely miss the jackal.
The jackal is almost dead.
The jackal barely misses you.
You riposte.
You hit the jackal but do no damage.
The jackal is almost dead.
You hit the jackal.
You kill the jackal!
You have reached level 3!
Your experience leads to an increase in your attributes!
Increase (S)trength, (I)ntelligence, or (D)exterity?
You feel stronger.
You feel agile. The jackal barely misses you.
You hit the jackal.
The jackal is almost dead.
The jackal misses you.
You closely miss the jackal.
The jackal is almost dead.
The jackal misses you.
You hit the jackal but do no damage.
The jackal is severely wounded.
The jackal bites you but does no damage.
The jackal bites you.
* * * LOW HITPOINT WARNING * * *
You hit the jackal.
The jackal is almost dead.
The jackal barely misses you. x2; You riposte.
You hit the jackal.
You kill the jackal!
You see here a jackal corpse.
Found 16 stones and a thick bronze amulet.
Found a stone staircase leading down.
Found 15 arrows.
An adder comes into view.
You see here 16 stones.
The adder hisses angrily.
Found a whip.
You see here a thick bronze amulet.
j - a thick bronze amulet Put on which piece of jewellery? (? for menu, Esc to quit)
Oops, that amulet feels deathly cold.
j - a cursed amulet of inaccuracy (around neck)
Okay, then.
The adder bites you.
* * * LOW HITPOINT WARNING * * *
You are poisoned.
The adder poisons you! The adder bites you.
* * * LOW HITPOINT WARNING * * *
You are more poisoned.
The adder poisons you!
You see here 16 stones.
Are you sure you want to abandon this character and quit the game? (Confirm with "yes".)

#†# #.# #.# #.#
#.# #### #.# #..
#.# #.#
###.######.#####..
#>.......@S..(...)
#.#.#####.....##.
#.#.# #.....# #
#.# #.....# #.#
#.....# #.#
#.....# #.#
##.#### #. #.. ###


You could see an adder.

Vanquished Creatures
  An ooze (D:1)
  2 dart slugs (D:1)
  4 bats (D:1)
  A goblin (D:1)
  4 hobgoblins (D:1)
  4 jackals (D:2)
  2 frilled lizards (D:1)
  A rat (D:1)
19 creatures vanquished.

Notes
Turn   | Place    | Note
-------+----------+-------------------------------------------
     0 | D:1      | tidbits the High Elf Wanderer began the quest for the Orb.
     0 | D:1      | tidbits set off with: a box of beasts, the Handbook of the Frostbite, a +0 falchion, a +0 robe, a bread ration
     0 | D:1      | Reached XP level 1. HP: 14/14 MP: 3/3
     0 | D:1      | Identified the Handbook of the Frostbite
    44 | D:1      | Reached skill level 1 in Dodging
    48 | D:1      | Reached XP level 2. HP: 10/19 MP: 4/4
   149 | D:1      | Reached skill level 4 in Long Blades
   213 | D:2      | Reached XP level 3. HP: 13/24 MP: 5/5
   236 | D:2      | Quit the game

Skill      XL: |  1  2 |
---------------+-------+-----
Dodging        | 1 |  1.8
Long Blades    | 4 |  4.5
Fighting       | |  2.0
Throwing       | |  1.0
Spellcasting   | |  1.2
Translocations | |  2.1
Evocations     | |  1.0

Action                   || total
-------------------------++-------
Melee: Falchion          ||    46
Throw: Stone             ||    23
Armor: Robe              ||    12
Dodge: Dodged            ||    36
       Rpst.: Falchion   ||    13

Table legend:
 A = Turns spent in this place as a percentage of turns spent in the entire game.
 B = Non-inter-level travel turns spent in this place as a percentage of non-inter-level travel turns spent in the entire game.
 C = Inter-level travel turns spent in this place as a percentage of turns spent in this place.
 D = Turns resting spent in this place as a percentage of non-inter-level travel turns spent in this place.
 E = Turns spent auto-exploring this place as a percentage of non-inter-level travel turns spent in this place.
 F = Non-inter-level travel turns spent in this place divided by the number of levels of this place that you've seen.
                   A       B       C       D       E      F
               +-------+-------+-------+-------+-------+----------------------
         Total | 100.0 | 100.0 |   0.0 |   0.0 |   0.0 | 122.0
       Dungeon | 100.0 | 100.0 |   0.0 |   0.0 |   0.0 | 122.0
               +-------+-------+-------+-------+-------+----------------------

Table legend:
 A = Kills in this place as a percentage of kills in entire the game.
 B = Kills by you in this place as a percentage of kills by you in the entire game.
 C = Kills by friends in this place as a percentage of kills by friends in the entire game.
 D = Other kills in this place as a percentage of other kills in the entire game.
 E = Experience gained in this place as a percentage of experience gained in the entire game.
 F = Experience gained in this place divided by the number of levels of this place that you have seen.
                   A       B       C       D       E      F
               +-------+-------+-------+-------+-------+----------------------
         Total | 100.0 | 100.0 |  -nan |  -nan | 100.0 |  21.5
       Dungeon | 100.0 | 100.0 |  -nan |  -nan | 100.0 |  21.5
               +-------+-------+-------+-------+-------+----------------------

Vault maps used:
D:1:      minmay_arrival_five_plusses
